 Dungeon Crawl Stone Soup version 0.19.5 (webtiles) character file.

415 McKennaii the Firebug (level 6, -4/33 HPs)
             Began as a Deep Elf Fire Elementalist on May 7, 2017.
             Shot with an arrow by a centaur (13 damage)
             ... on level 5 of the Dungeon.
             The game lasted 00:09:56 (4086 turns).

McKennaii the Firebug (Deep Elf Fire Elementalist)  Turns: 4086, Time: 00:09:56

Health: -4/33      AC:  4    Str:  5    XL:     6   Next: 60%
Magic:  6/16       EV: 13    Int: 22    God:
Gold:   258        SH:  0    Dex: 18    Spells: 3 memorised, 10 levels left

rFire  . . .     SeeInvis .     (no weapon)
rCold  . . .     Gourm    .     t - +1 robe of the Ditch-Digger {rCorr} (curse)
rNeg   . . .     Faith    .     (no shield)
rPois  .         Spirit   .     (no helmet)
rElec  .         Reflect  .     i - +0 cloak
rCorr  +         Harm     .     (no gloves)
MR     .....                    (no boots)
Stlth  +++.......               (no amulet)
                                (no ring)
                                m - +3 ring of dexterity

@: very slightly contaminated
A: no striking features
a: no special abilities


You were on level 5 of the Dungeon.
You were not hungry.

You visited 1 branch of the dungeon, and saw 5 of its levels.

You collected 258 gold pieces.

Inventory:

Armour
 i - a +0 cloak (worn)
 t - the cursed +1 robe of the Ditch-Digger (worn) {rCorr}
   (You found it on level 4 of the Dungeon)

   It protects you from acid and corrosion.
   It has a curse placed upon it.
Jewellery
 m - a +3 ring of dexterity (left hand)
 w - an uncursed ring of positive energy {unknown}
Scrolls
 a - a scroll of fear {unknown}
 d - 3 scrolls of noise {unknown}
 e - 2 scrolls of remove curse {unknown}
 f - 4 scrolls of teleportation {unknown}
 j - a scroll of magic mapping {unknown}
 k - 6 scrolls of identify {unknown}
 q - a scroll of random uselessness {unknown}
 u - a scroll of enchant armour {unknown}
Potions
 h - 2 potions of might {unknown}
 n - a potion of heal wounds {unknown}
 o - 2 potions of curing {unknown}
 p - 3 potions of lignification {unknown}
 r - a potion of brilliance {unknown}
Books
 b - a book of Flames

   Spells                             Type                      Level
   a - Flame Tongue                   Conjuration/Fire             1
   b - Throw Flame                    Conjuration/Fire             2
   c - Conjure Flame                  Conjuration/Fire             3
   d - Inner Flame                    Hexes/Fire                   3
   e - Sticky Flame                   Conjuration/Fire             4
   f - Fireball                       Conjuration/Fire             5
Comestibles
 c - 2 bread rations
 g - 4 meat rations
 l - a royal jelly
 s - 2 fruits


   Skills:
 + Level 0.4 Fighting
 + Level 2.7 Dodging
 + Level 3.0 Stealth
 + Level 5.6 Spellcasting
 + Level 3.5 Conjurations
 + Level 5.7 Fire Magic


You had 10 spell levels left.
You knew the following spells:

 Your Spells              Type           Power        Failure   Level  Hunger
a - Flame Tongue          Conj/Fire      ####.        1%          1    None
b - Throw Flame           Conj/Fire      ####..       1%          2    None
c - Conjure Flame         Conj/Fire      ####....     4%          3    ##.....


Dungeon Overview and Level Annotations

Branches:
Dungeon (5/15)             Temple (0/1) D:4

Altars:
Ashenzari
Cheibriados
Elyvilon
Fedhas
Hepliaklqana
Uskayaw
Zin
The Shining One


Message History

Aiming: Throw Flame
Press: ? - help, Shift-Dir - straight line, f/p - centaur
Aim: a centaur, wielding a shortbow (moderately wounded)
You miscast Throw Flame.
You are very lightly contaminated with residual magic.
The air around you burns with energy!
The centaur shoots an arrow.
The arrow closely misses you.
Casting: Throw Flame
Confirm with . or Enter, or press ? or * to list all spells.
Aiming: Throw Flame
Press: ? - help, Shift-Dir - straight line, f/p - centaur
Aim: a centaur, wielding a shortbow (moderately wounded)
The puff of flame hits the centaur.
The centaur is heavily wounded.
The orc shouts!
The centaur shoots an arrow.
The arrow closely misses you.
The centaur shoots an arrow.
The arrow hits you!
* * * LOW HITPOINT WARNING * * *
The centaur shoots an arrow.
The arrow hits you!
You die... oo.o.

#...<........##.#.#
......######..)......##.#.#
..........##............#.#
......###.##.####'#######.#
......###c##..............#
..............###.#########
..............'...#
.........o....######### .
............(@.......
###################..


You could see a centaur and an orc.

Vanquished Creatures
  A centaur skeleton (D:4)
  An orc wizard (D:3)
  An iguana (D:4)
  3 worker ants (D:4)
  A hound skeleton (D:5)
  A worker ant zombie (D:5)
  3 gnolls (D:5)
  10 adders
  A worm (D:2)
  A dart slug (D:3)
  2 leopard geckos
  9 orcs
  2 ball pythons
  10 bats
  6 giant cockroaches
  9 goblins
  10 hobgoblins
  4 jackals (D:2)
  5 kobolds
  3 quokkas
  6 frilled lizards
  7 rats
96 creatures vanquished.

Vanquished Creatures (others)
  An orc wizard (D:4)
1 creature vanquished.

Grand Total: 97 creatures vanquished

Notes
Turn   | Place    | Note
-------+----------+-------------------------------------------
     0 | D:1      | McKennaii the Deep Elf Fire Elementalist began the quest for the Orb.
     0 | D:1      | Reached XP level 1. HP: 10/10 MP: 6/6
   281 | D:1      | Reached XP level 2. HP: 15/15 MP: 1/8
   824 | D:2      | Reached XP level 3. HP: 19/19 MP: 2/9
   979 | D:2      | Learned a level 2 spell: Throw Flame
   986 | D:2      | Learned a level 3 spell: Conjure Flame
  1299 | D:2      | Reached XP level 4. HP: 19/24 MP: 3/11
  1876 | D:3      | Found a faded altar of an unknown god.
  1876 | D:3      | Found a faded altar of an unknown god.
  1881 | D:3      | Found a shattered altar of Ashenzari.
  1883 | D:3      | Found a faded altar of an unknown god.
  1885 | D:3      | Found a faded altar of an unknown god.
  2180 | D:3      | Reached skill level 5 in Fire Magic
  2180 | D:3      | Reached XP level 5. HP: 13/28 MP: 2/13
  2482 | D:3      | Found a snail-covered altar of Cheibriados.
  2482 | D:3      | Found a blossoming altar of Fedhas.
  2536 | D:3      | Found a hazy altar of Hepliaklqana.
  2565 | D:3      | Found a glowing golden altar of the Shining One.
  2565 | D:3      | Found a white marble altar of Elyvilon.
  2565 | D:3      | Found a glowing silver altar of Zin.
  3123 | D:4      | Found a hide-covered altar of Uskayaw.
  3181 | D:4      | Got an opalescent robe
  3192 | D:4      | Identified the cursed +1 robe of the Ditch-Digger {rCorr} (You found it on level 4 of the Dungeon)
  3286 | D:4      | Reached skill level 5 in Spellcasting
  3297 | D:4      | Reached XP level 6. HP: 32/32 MP: 0/15
  3532 | D:4      | Found a staircase to the Ecumenical Temple.
  3800 | D:5      | Entered Level 5 of the Dungeon
  4086 | D:5      | Shot with an arrow by a centaur

Skill      XL: |  1  2  3  4  5 |
---------------+----------------+-----
Fire Magic     | 4 5 |  5.7
Spellcasting   | 4 5 |  5.6
Conjurations   | 2 3 |  3.5
Stealth        | 3 |  3.0
Fighting       | |  0.4
Dodging        | |  2.7

Action                   |  1- 3 |  4- 6 || total
-------------------------+-------+-------++-------
Melee: Unarmed           |       |     1 ||     1
 Cast: Flame Tongue      |    58 |    96 ||   154
       Throw Flame       |     4 |    50 ||    54
       Conjure Flame     |       |     1 ||     1
  Eat: Chunk             |     1 |     9 ||    10
Armor: Robe              |     4 |     6 ||    10
Dodge: Dodged            |    25 |    29 ||    54
